AoeStats
← Babuali

Arena

510361379Analyzed
1v1 RM · 12h ago on Sep 30, 2026· 43m 42s· 2 players
Game mode
Random Map
Map size
Tiny (2 player)
Population
200
Speed
Normal
Resources
Standard
Victory
Conquest
Starting age
Dark Age
Ending age
Imperial Age
RankedLock teamsTeams togetherTeam positionsShared explorationLock speedFull tech treeHidden civsTurbo modeCheats
Victory
Defeat
🇨🇳 Persians · China
1204
+18
🇹🇷 Lithuanians · Türkiye
1247
-18
北斗星司
9:44 Feudal Age
14:39 Castle Age
13:12 Double-Bit Axe
13:30 Horse Collar
14:35 Light Cavalry
15:38 Husbandry
20:02 Town Watch
20:56 Wheelbarrow
20:56 Loom
21:43 Town Watch
24:23 Hand Cart
29:29 Imperial Age
27:17 Town Patrol
27:32 Bow Saw
27:25 Heavy Plow
27:17 Gold Mining
27:44 Stone Mining
29:46 Gold Shaft Mining
29:47 Stone Shaft Mining
29:43 Bloodlines
29:41 Scale Barding Armor
29:47 Forging
30:48 Chain Barding Armor
31:06 Crop Rotation
31:12 Guilds
32:03 Conscription
31:59 Citadels
32:27 Iron Casting
31:44 Fletching
33:23 Plate Barding Armor
33:00 Elite War Elephant
35:03 Two-Man Saw
35:54 Blast Furnace
34:45 Fletching
35:06 Masonry
34:53 Murder Holes
37:04 Chemistry
37:11 Devotion
37:27 Bodkin Arrow
38:07 Ballistics
39:23 Architecture
40:19 Scale Mail Armor
43:54 Chain Mail Armor
43:40 Padded Archer Armor
Babuali
0:47 Loom
11:15 Feudal Age
16:21 Castle Age
14:34 Double-Bit Axe
17:24 Wheelbarrow
21:54 Horse Collar
23:13 Heavy Plow
25:44 Gold Mining
29:01 Bow Saw
31:38 Imperial Age
28:55 Town Watch
29:39 Forging
29:30 Scale Mail Armor
29:36 Scale Barding Armor
30:04 Hand Cart
29:24 Pikeman
30:39 Town Patrol
31:22 Iron Casting
31:50 Chain Mail Armor
31:35 Padded Archer Armor
31:26 Fletching
31:40 Stone Mining
32:38 Conscription
32:21 Husbandry
32:31 Bloodlines
31:42 Cavalier
32:49 Tower Shields
32:47 Halberdier
33:27 Squires
35:02 Chain Barding Armor
36:32 Chemistry
35:52 Ballistics
35:32 Paladin
37:24 Two-Man Saw
37:04 Crop Rotation
38:09 Plate Barding Armor
40:04 Elite Leitis
Connection lost

Rejoining the realm…

Still unreachable

The connection could not be restored.

Session expired

The server has moved on; the page needs a fresh start.